[Event "Fagernes Chess GM-Swiss 2025"]
[Site "Fagernes"]
[Date "2025.04.19"]
[Round "8.14"]
[White "Ostensen, Nicolai Maxime"]
[Black "Vestby-Ellingsen, Mads"]
[Result "1/2-1/2"]
[Annotator "RC"]
[ECO "C84"]
[WhiteElo "2260"]
[BlackElo "2398"]
[PlyCount "53"]
[EventDate "2025.04.12"]
[EventCountry "NOR"]
[SourceTitle "playchess.com"]
[Source "ChessBase"]
[SourceQuality "1"]
[TimeControl "40/6000+30:2400+30"]

1. e4 e5 2. Nf3 Nc6 3. Bb5 a6 4. Ba4 Nf6 5. d3 b5 6. Bb3 Be7 7. O-O O-O 8. a4 Rb8 9. c3 d6 10. Nbd2 h6 11. Re1 Na5 12. Bc2 c5 13. axb5 axb5 14. d4 exd4 15. cxd4 Nc6 16. h3 Re8 17. Nf1 cxd4 18. Nxd4 Nxd4 19. Qxd4 Qc7 20. Bb3 Be6 21. Bxe6 fxe6 22. Ra6 Bf8 23. b3 Nd7 24. Ra7 Rb7 25. Rxb7 Qxb7 26. Ng3 Rc8 27. Be3 1/2-1/2

[Event "Fagernes Chess GM-Swiss 2025"]
[Site "Fagernes"]
[Date "2025.04.19"]
[Round "8.15"]
[White "Fiskaaen, Martin Holten"]
[Black "Aradhya, Garg"]
[Result "1/2-1/2"]
[Annotator "RC"]
[ECO "D45"]
[WhiteElo "2283"]
[BlackElo "2387"]
[PlyCount "57"]
[EventDate "2025.04.12"]
[EventCountry "NOR"]
[SourceTitle "playchess.com"]
[Source "ChessBase"]
[SourceQuality "1"]
[TimeControl "40/6000+30:2400+30"]

1. c4 c6 2. Nf3 d5 3. e3 Nf6 4. Nc3 Nbd7 5. d4 e6 6. b3 Bb4 7. Bd2 Qe7 8. Be2 O-O 9. O-O b6 10. Qc2 Bb7 11. Rfe1 dxc4 12. bxc4 c5 13. Rad1 Rac8 14. Qb3 Rfd8 15. Nb1 Bxd2 16. Nbxd2 Nf8 17. Qa3 Rd7 18. Ne5 cxd4 19. Qxe7 Rxe7 20. exd4 N8d7 21. Nxd7 Rxd7 22. Nb3 a5 23. a4 Ne4 24. Rc1 Rdc7 25. Bf3 Nd6 26. c5 Bxf3 27. gxf3 bxc5 28. Rxc5 Ra7 29. Rcc1 1/2-1/2

[Event "Fagernes Chess GM-Swiss 2025"]
[Site "Fagernes"]
[Date "2025.04.19"]
[Round "8.16"]
[White "Eliseev, Sergey"]
[Black "Adharsh K"]
[Result "0-1"]
[Annotator "RC"]
[ECO "B62"]
[WhiteElo "2226"]
[BlackElo "2317"]
[PlyCount "100"]
[EventDate "2025.04.12"]
[EventCountry "NOR"]
[SourceTitle "playchess.com"]
[Source "ChessBase"]
[SourceQuality "1"]
[TimeControl "40/6000+30:2400+30"]

1. e4 c5 2. Nf3 d6 3. d4 cxd4 4. Nxd4 Nf6 5. Nc3 Nc6 6. Bg5 e6 7. Bb5 Bd7 8. Qd3 a6 9. Bxc6 bxc6 10. O-O-O Be7 11. Nb3 h6 12. Bxf6 gxf6 13. f4 Qc7 14. f5 Qa7 15. Nd4 e5 16. Nf3 a5 17. Nd2 Rd8 18. Nc4 Bc8 19. Qe3 Qxe3+ 20. Nxe3 Ba6 21. b3 Kd7 22. Nc4 Bxc4 23. bxc4 Kc7 24. Rd3 h5 25. Kd2 Rdg8 26. g3 h4 27. Ne2 Rg4 28. Rb1 a4 29. Ke3 hxg3 30. hxg3 Rh2 31. Rd2 Rg8 32. c3 a3 33. Rb3 d5 34. cxd5 Bc5+ 35. Kd3 cxd5 36. exd5 e4+ 37. Kxe4 Re8+ 38. Kd3 Re3+ 39. Kc4 Bd6 40. Rd4 Rhxe2 41. Kb5 Rxa2 42. Rc4+ Kd7 43. Ra4 Rb2 44. Ra7+ Kc8 45. Kc4 Re4+ 46. Kd3 Rxb3 47. Kxe4 Rxc3 48. g4 Rc4+ 49. Kf3 Rf4+ 50. Ke3 Bc5+ 0-1

[Event "Fagernes Chess GM-Swiss 2025"]
[Site "Fagernes"]
[Date "2025.04.19"]
[Round "8.17"]
[White "Blomqvist, Erik"]
[Black "Myagmarsuren, Evsuld"]
[Result "1-0"]
[Annotator "RC"]
[ECO "B51"]
[WhiteElo "2475"]
[BlackElo "2305"]
[PlyCount "83"]
[EventDate "2025.04.12"]
[EventCountry "NOR"]
[SourceTitle "playchess.com"]
[Source "ChessBase"]
[SourceQuality "1"]
[TimeControl "40/6000+30:2400+30"]

1. e4 c5 2. Nf3 d6 3. Bb5+ Nd7 4. O-O a6 5. Bxd7+ Bxd7 6. c3 Nf6 7. Re1 Bc6 8. d4 Bxe4 9. Bg5 Bxb1 10. Rxb1 e6 11. Bxf6 gxf6 12. d5 e5 13. Nh4 Qd7 14. Qh5 O-O-O 15. Re3 Qa4 16. a3 Rd7 17. Rg3 a5 18. Rg4 Qb3 19. c4 Qa2 20. Rf1 Qxb2 21. a4 Qb3 22. Nf5 Kc7 23. Qh4 Be7 24. Rg7 Bd8 25. Rxh7 Rg8 26. Qe4 Qxa4 27. Qe2 Qb4 28. Qc2 a4 29. Rb1 Qa5 30. Rh3 Rg4 31. Rc3 Kc8 32. Rb5 Qa8 33. Ra3 Ba5 34. Rxa4 b6 35. Nxd6+ Kc7 36. Nf5 Qg8 37. Ne3 Rg5 38. Raxa5 bxa5 39. Rxc5+ Kd6 40. Rc6+ Ke7 41. h4 Qg6 42. hxg5 1-0

[Event "Fagernes Chess GM-Swiss 2025"]
[Site "Fagernes"]
[Date "2025.04.19"]
[Round "8.18"]
[White "Vijayakumar, Rishi"]
[Black "Aamodt, Peder Marcus"]
[Result "1-0"]
[Annotator "RC"]
[ECO "D78"]
[WhiteElo "2317"]
[BlackElo "2242"]
[PlyCount "95"]
[EventDate "2025.04.12"]
[EventCountry "NOR"]
[SourceTitle "playchess.com"]
[Source "ChessBase"]
[SourceQuality "1"]
[TimeControl "40/6000+30:2400+30"]

1. d4 Nf6 2. c4 g6 3. g3 c6 4. Bg2 d5 5. Nf3 Bg7 6. O-O O-O 7. Nc3 dxc4 8. e4 b5 9. Qe2 a5 10. Rd1 Qb6 11. e5 Nd5 12. Ng5 Nxc3 13. bxc3 h6 14. Ne4 Na6 15. Be3 Qc7 16. h4 Be6 17. h5 Rad8 18. f4 Qc8 19. Bf3 Bd5 20. Kf2 Nc7 21. Rh1 b4 22. a4 f5 23. Nc5 Ne6 24. Bxd5 cxd5 25. Rhb1 Nxc5 26. dxc5 b3 27. hxg6 Qc6 28. Qh5 Ra8 29. Bd4 Ra6 30. Qf3 Qd7 31. Qh5 Qe6 32. Qf3 Rd8 33. Rg1 Qxg6 34. g4 fxg4 35. Rxg4 Qc2+ 36. Qe2 Qxe2+ 37. Kxe2 Kh7 38. f5 Rf8 39. Rag1 Bh8 40. Rg6 Rxg6 41. fxg6+ Kg8 42. g7 Bxg7 43. e6 Rf4 44. Rxg7+ Kf8 45. Kd2 Re4 46. Rg6 Rh4 47. Bg7+ Ke8 48. Be5 1-0

[Event "Fagernes Chess GM-Swiss 2025"]
[Site "Fagernes"]
[Date "2025.04.19"]
[Round "8.19"]
[White "Hedman, Erik"]
[Black "Pang, Ethan"]
[Result "1-0"]
[Annotator "RC"]
[ECO "B40"]
[WhiteElo "2276"]
[BlackElo "2257"]
[PlyCount "41"]
[EventDate "2025.04.12"]
[EventCountry "NOR"]
[SourceTitle "playchess.com"]
[Source "ChessBase"]
[SourceQuality "1"]
[TimeControl "40/6000+30:2400+30"]

1. e4 c5 2. Nf3 e6 3. g3 Nc6 4. Bg2 d5 5. exd5 exd5 6. d4 Bg4 7. O-O Nxd4 8. Qe1+ Be7 9. Nxd4 cxd4 10. Qe5 Be6 11. Qxd4 Bf6 12. Qa4+ Qd7 13. Qxd7+ Kxd7 14. Rd1 Ne7 15. c4 Rad8 16. Nc3 Bxc3 17. bxc3 Kc6 18. Ba3 Nc8 19. cxd5+ Bxd5 20. Rxd5 Rxd5 21. c4 1-0

[Event "Fagernes Chess GM-Swiss 2025"]
[Site "Fagernes"]
[Date "2025.04.19"]
[Round "8.20"]
[White "Hebbar, Eshaan"]
[Black "Melaa, Sondre"]
[Result "1/2-1/2"]
[Annotator "RC"]
[ECO "D46"]
[WhiteElo "2175"]
[BlackElo "2344"]
[PlyCount "91"]
[EventDate "2025.04.12"]
[EventCountry "NOR"]
[SourceTitle "playchess.com"]
[Source "ChessBase"]
[SourceQuality "1"]
[TimeControl "40/6000+30:2400+30"]

1. d4 Nf6 2. c4 e6 3. Nf3 d5 4. Nc3 c6 5. e3 Nbd7 6. Qc2 Bd6 7. Bd3 O-O 8. O-O dxc4 9. Bxc4 b5 10. Bd3 Bb7 11. e4 e5 12. dxe5 Nxe5 13. Nxe5 Bxe5 14. h3 Re8 15. Be3 a6 16. Rad1 Qe7 17. Ne2 Bd6 18. Nd4 g6 19. Nb3 c5 20. Bxc5 Nxe4 21. Bxe4 Bxe4 22. Qc3 Qg5 23. f3 Be5 24. Qd2 Bf4 25. Qf2 Bf5 26. Kh1 Rac8 27. Rd5 Qh6 28. Bd4 Rc2 29. Re1 Rec8 30. Re2 Bxh3 31. Rxc2 Bf5+ 32. Kg1 Bxc2 33. Nc5 Qh2+ 34. Kf1 Bb1 35. a3 Qh1+ 36. Qg1 Qh4 37. Bc3 Ba2 38. Qd4 Bc4+ 39. Nd3 f6 40. Rd8+ Rxd8 41. Qxd8+ Kg7 42. Qe7+ Kg8 43. Qe8+ Kg7 44. Qe7+ Kg8 45. Qe8+ Kg7 46. Qe7+ 1/2-1/2

[Event "Fagernes Chess GM-Swiss 2025"]
[Site "Fagernes"]
[Date "2025.04.19"]
[Round "8.21"]
[White "Olsen, William Alexander"]
[Black "Gandrud, Vegar Koi"]
[Result "1-0"]
[Annotator "RC"]
[ECO "B50"]
[WhiteElo "2188"]
[BlackElo "2273"]
[PlyCount "111"]
[EventDate "2025.04.12"]
[EventCountry "NOR"]
[SourceTitle "playchess.com"]
[Source "ChessBase"]
[SourceQuality "1"]
[TimeControl "40/6000+30:2400+30"]

1. e4 c5 2. Nf3 d6 3. Nc3 Nf6 4. e5 dxe5 5. Nxe5 e6 6. Be2 Nbd7 7. d4 cxd4 8. Qxd4 Bc5 9. Qa4 O-O 10. Nd3 Be7 11. Bf3 Nb6 12. Qb3 Nfd5 13. Nxd5 Nxd5 14. c4 Nb6 15. O-O Bd7 16. Ne5 Ba4 17. Qe3 Bf6 18. b3 Qc7 19. Bb2 Nd7 20. Nxd7 Bxd7 21. Bxf6 gxf6 22. Qh6 f5 23. Qg5+ Kh8 24. Qf6+ Kg8 25. Rad1 Qd8 26. Qxd8 Rfxd8 27. Bxb7 Rab8 28. Bf3 Kf8 29. Rd6 Rb6 30. Rfd1 Ke7 31. R6d2 Rbb8 32. Kf1 Rbc8 33. Ke2 Rc7 34. Ke3 Rg8 35. g3 Rg6 36. Rd6 f6 37. c5 f4+ 38. Kxf4 Rg5 39. b4 Rf5+ 40. Ke3 Re5+ 41. Kd4 Ba4 42. Rc1 Bb5 43. Be4 Rg5 44. Ke3 Re5 45. f4 Rh5 46. Rc2 Be8 47. Bf3 Rh6 48. Re2 a5 49. Kd4 f5 50. Bd5 axb4 51. Rexe6+ Rxe6 52. Rxe6+ Kd8 53. c6 Ra7 54. Ke5 Bg6 55. Kd6 Bf7 56. Rf6 1-0

[Event "Fagernes Chess GM-Swiss 2025"]
[Site "Fagernes"]
[Date "2025.04.19"]
[Round "8.22"]
[White "Oksendal, Martin"]
[Black "Torfoss, Sivert Schanche"]
[Result "1/2-1/2"]
[Annotator "RC"]
[ECO "C88"]
[WhiteElo "2250"]
[BlackElo "2141"]
[PlyCount "80"]
[EventDate "2025.04.12"]
[EventCountry "NOR"]
[SourceTitle "playchess.com"]
[Source "ChessBase"]
[SourceQuality "1"]
[TimeControl "40/6000+30:2400+30"]

1. e4 e5 2. Nf3 Nc6 3. Bb5 a6 4. Ba4 Nf6 5. O-O Be7 6. Re1 b5 7. Bb3 O-O 8. a4 Bb7 9. d3 d6 10. Nbd2 Nb8 11. axb5 axb5 12. Rxa8 Bxa8 13. Nf1 Nbd7 14. Ng3 c5 15. c3 Nb6 16. Nf5 Bc6 17. Qd2 Nh5 18. Qe2 g6 19. Nxe7+ Qxe7 20. Bg5 Qc7 21. Qe3 c4 22. Bd1 cxd3 23. Qxd3 Nc4 24. Qe2 f6 25. Bh6 Rd8 26. b3 Nb6 27. Qe3 Ng7 28. Nh4 d5 29. exd5 Nxd5 30. Qg3 Bd7 31. Qf3 Be6 32. c4 Qa5 33. Rf1 bxc4 34. bxc4 Nf4 35. Qb7 Rd7 36. Qc8+ Qd8 37. Qxd8+ Rxd8 38. Bxf4 exf4 39. Be2 Rd2 40. Re1 Rc2 1/2-1/2

[Event "Fagernes Chess GM-Swiss 2025"]
[Site "Fagernes"]
[Date "2025.04.19"]
[Round "8.23"]
[White "Skotheim, Andreas"]
[Black "Simonsen, David Mindestrommen"]
[Result "1/2-1/2"]
[Annotator "RC"]
[ECO "D95"]
[WhiteElo "2229"]
[BlackElo "2034"]
[PlyCount "80"]
[EventDate "2025.04.12"]
[EventCountry "NOR"]
[SourceTitle "playchess.com"]
[Source "ChessBase"]
[SourceQuality "1"]
[TimeControl "40/6000+30:2400+30"]

1. d4 Nf6 2. c4 g6 3. Nc3 d5 4. Nf3 Bg7 5. e3 O-O 6. Qb3 dxc4 7. Bxc4 c6 8. a4 Nbd7 9. O-O Nb6 10. Be2 Be6 11. Qd1 Nbd5 12. Bd2 c5 13. dxc5 Nd7 14. Nxd5 Bxd5 15. Bb4 Ne5 16. Nxe5 Bxe5 17. Ba3 e6 18. Bf3 Qc7 19. g3 Rfd8 20. Bxd5 Rxd5 21. Qb3 Rad8 22. Rfd1 b6 23. cxb6 Qxb6 24. Rxd5 Qxb3 25. Rxd8+ Kg7 26. Rd2 h5 27. Bc5 a5 28. h4 Kh7 29. Bd4 Bxd4 30. Rxd4 Qxb2 31. Rad1 Kg7 32. Rd7 Qc2 33. R1d6 Qxa4 34. Ra7 e5 35. Rd5 Qa2 36. Rdxa5 Qb1+ 37. Kg2 Qe4+ 38. Kf1 Qb1+ 39. Ke2 Qc2+ 40. Kf3 Qf5+ 1/2-1/2

[Event "Fagernes Chess GM-Swiss 2025"]
[Site "Fagernes"]
[Date "2025.04.19"]
[Round "8.24"]
[White "Skaar, Ben Samuel Groth"]
[Black "Brattgjerd, Isak Vinh"]
[Result "1/2-1/2"]
[Annotator "RC"]
[ECO "B11"]
[WhiteElo "2167"]
[BlackElo "2202"]
[PlyCount "94"]
[EventDate "2025.04.12"]
[EventCountry "NOR"]
[SourceTitle "playchess.com"]
[Source "ChessBase"]
[SourceQuality "1"]
[TimeControl "40/6000+30:2400+30"]

1. e4 c6 2. Nc3 d5 3. Nf3 dxe4 4. Nxe4 Nf6 5. Qe2 Nxe4 6. Qxe4 Nd7 7. Bc4 Nf6 8. Ne5 e6 9. Qe2 b5 10. Bd3 Bd6 11. Nxc6 Qc7 12. Nd4 a6 13. Nf5 O-O 14. Nxd6 Qxd6 15. a4 Bb7 16. O-O bxa4 17. f3 Bc6 18. Re1 Rfd8 19. Qe5 Qb4 20. Kh1 Qh4 21. Qg3 Qd4 22. Qe5 Qf2 23. Qg3 Qc5 24. Qe5 Rd5 25. Qe3 Qb4 26. Be4 Rh5 27. Bxc6 Qd6 28. h3 Qxc6 29. c3 Rh4 30. d4 Rd8 31. Qf2 Rh5 32. Bf4 Nd5 33. Bh2 Nb6 34. Re5 Rxe5 35. Bxe5 f6 36. Bf4 Rd5 37. Qc2 Rxd4 38. Be3 Rd5 39. Bxb6 Qxb6 40. Qxa4 Kf7 41. b4 Rd2 42. Rd1 Qb5 43. Qb3 Re2 44. c4 Qe5 45. c5 Re1+ 46. Rxe1 Qxe1+ 47. Kh2 Qe5+ 1/2-1/2

[Event "Fagernes Chess GM-Swiss 2025"]
[Site "Fagernes"]
[Date "2025.04.19"]
[Round "8.25"]
[White "Andersen, Morten"]
[Black "Haugen, Lars Tormod"]
[Result "1-0"]
[Annotator "RC"]
[ECO "E61"]
[WhiteElo "2200"]
[BlackElo "1988"]
[PlyCount "95"]
[EventDate "2025.04.12"]
[EventCountry "NOR"]
[SourceTitle "playchess.com"]
[Source "ChessBase"]
[SourceQuality "1"]
[TimeControl "40/6000+30:2400+30"]

1. Nf3 c5 2. e3 g6 3. d4 Bg7 4. c4 Nf6 5. d5 d6 6. Nc3 O-O 7. Be2 e6 8. O-O exd5 9. cxd5 Bg4 10. h3 Bxf3 11. Bxf3 Na6 12. Re1 Rb8 13. Be2 Nc7 14. a4 Re8 15. f3 a6 16. a5 Nh5 17. Ra4 b5 18. axb6 Rxb6 19. Bc4 Ng3 20. Qd3 Rb4 21. Rxb4 cxb4 22. Ne2 Qh4 23. Nxg3 Qxg3 24. Re2 a5 25. b3 Be5 26. f4 Bc3 27. Ra2 g5 28. Rf2 gxf4 29. Rxf4 Qe1+ 30. Rf1 Qg3 31. Qf5 Be5 32. Qxf7+ Kh8 33. Qf3 Qh2+ 34. Kf2 Rg8 35. Bd3 Ne8 36. Rg1 Nf6 37. Kf1 Rf8 38. g4 Nd7 39. Bf5 Nc5 40. e4 Nxb3 41. Qxb3 Bd4 42. Be3 Qxh3+ 43. Ke2 Qh2+ 44. Kd1 Bxe3 45. Qxe3 b3 46. Qc3+ Qe5 47. Qxe5+ dxe5 48. Kc1 1-0

[Event "Fagernes Chess GM-Swiss 2025"]
[Site "Fagernes"]
[Date "2025.04.19"]
[Round "8.26"]
[White "Khoo-Thwe, Louis"]
[Black "Westrum, Kim Roger Hansen"]
[Result "1/2-1/2"]
[Annotator "RC"]
[ECO "C54"]
[WhiteElo "2118"]
[BlackElo "2193"]
[PlyCount "26"]
[EventDate "2025.04.12"]
[EventCountry "NOR"]
[SourceTitle "playchess.com"]
[Source "ChessBase"]
[SourceQuality "1"]
[TimeControl "40/6000+30:2400+30"]

1. e4 e5 2. Nf3 Nc6 3. Bc4 Nf6 4. d3 Bc5 5. Nbd2 d6 6. c3 a5 7. O-O O-O 8. Bb3 h6 9. Re1 Be6 10. Nf1 Bxb3 11. Qxb3 Qd7 12. Be3 Bxe3 13. Nxe3 a4 1/2-1/2

[Event "Fagernes Chess GM-Swiss 2025"]
[Site "Fagernes"]
[Date "2025.04.19"]
[Round "8.27"]
[White "Arvola, Daniel"]
[Black "Verbin, Valentina"]
[Result "0-1"]
[Annotator "RC"]
[ECO "B45"]
[WhiteElo "2088"]
[BlackElo "2113"]
[PlyCount "72"]
[EventDate "2025.04.12"]
[EventCountry "NOR"]
[SourceTitle "playchess.com"]
[Source "ChessBase"]
[SourceQuality "1"]
[TimeControl "40/6000+30:2400+30"]

1. e4 c5 2. Nf3 e6 3. d4 cxd4 4. Nxd4 Nf6 5. Nc3 Nc6 6. Ndb5 Bc5 7. Nd6+ Ke7 8. Bf4 e5 9. Nxc8+ Rxc8 10. Bg5 Kf8 11. Nd5 Qa5+ 12. Bd2 Bxf2+ 13. Kxf2 Nxe4+ 14. Ke1 Qxd5 15. Bd3 Nxd2 16. Qxd2 e4 17. Be2 Qxd2+ 18. Kxd2 d5 19. c3 Ke7 20. Rad1 f5 21. Ke3 Ke6 22. Rhf1 g5 23. g3 Rcf8 24. Bb5 Ke5 25. Ba4 f4+ 26. Ke2 Ne7 27. Bb3 Rd8 28. Rd4 f3+ 29. Kf2 g4 30. Rb4 b6 31. Rd1 Rd6 32. Rbd4 Rhd8 33. Bc2 Nf5 34. Ra4 Rh6 35. h4 e3+ 36. Ke1 Nxg3 0-1

[Event "Fagernes Chess GM-Swiss 2025"]
[Site "Fagernes"]
[Date "2025.04.19"]
[Round "8.28"]
[White "Lilliehook, Victor"]
[Black "Holand, Per Fredrik"]
[Result "0-1"]
[Annotator "NA RC"]
[ECO "B40"]
[WhiteElo "1993"]
[BlackElo "2070"]
[PlyCount "84"]
[EventDate "2025.04.12"]
[EventCountry "NOR"]
[SourceTitle "playchess.com"]
[Source "ChessBase"]
[SourceQuality "1"]
[TimeControl "40/6000+30:2400+30"]

1. e4 e6 2. d3 c5 3. Nf3 b6 4. g3 Bb7 5. Bg2 Nf6 6. Qe2 d5 7. e5 Nfd7 8. c4 dxc4 9. dxc4 Qc7 10. O-O Nc6 11. Bf4 h6 12. h4 Be7 13. Re1 g5 14. hxg5 hxg5 15. Nxg5 Nd4 16. Qd1 Bxg5 17. Bxg5 Bxg2 18. Kxg2 Qc6+ 19. f3 Nxf3 20. Qxf3 Rh2+ 21. Kxh2 Qxf3 22. Nd2 Qf2+ 23. Kh1 Qxg3 24. Ne4 Qh3+ 25. Kg1 f5 26. exf6 O-O-O 27. Re3 Qg4+ 28. Kf2 Rh8 29. Rf1 Rh5 30. f7 Rxg5 31. Nxg5 Qxg5 32. Rg3 Qd2+ 33. Kg1 Nf8 34. Rg8 Qd4+ 35. Kg2 Kd7 36. Rh1 Qxb2+ 37. Kf3 Qf6+ 38. Ke3 Qxf7 39. Rhh8 Ng6 40. Rd8+ Kc7 41. Rhe8 Ne5 42. Rf8 Qg6 0-1

[Event "Fagernes Chess GM-Swiss 2025"]
[Site "Fagernes"]
[Date "2025.04.19"]
[Round "8.29"]
[White "Berget, Eirik"]
[Black "Halvorsen, Benjamin"]
[Result "1/2-1/2"]
[Annotator "NA RC"]
[ECO "B22"]
[WhiteElo "2041"]
[BlackElo "1966"]
[PlyCount "40"]
[EventDate "2025.04.12"]
[EventCountry "NOR"]
[SourceTitle "playchess.com"]
[Source "ChessBase"]
[SourceQuality "1"]
[TimeControl "40/6000+30:2400+30"]

1. e4 c5 2. c3 e6 3. d4 d5 4. exd5 exd5 5. Nf3 Nf6 6. Bg5 Bd6 7. Bd3 O-O 8. O-O Bg4 9. Nbd2 cxd4 10. cxd4 Nc6 11. Qb3 Bb4 12. Ne5 Bxd2 13. Nxc6 bxc6 14. Bxd2 Rb8 15. Qc2 Qb6 16. h3 Bh5 17. Bf4 Rb7 18. Be5 Bg6 19. Bxf6 gxf6 20. Bxg6 hxg6 1/2-1/2

[Event "Fagernes Chess GM-Swiss 2025"]
[Site "Fagernes"]
[Date "2025.04.19"]
[Round "8.30"]
[White "Kaewpitakkun, Pantham"]
[Black "Ashwath Kaushik"]
[Result "0-1"]
[Annotator "NA RC"]
[ECO "B90"]
[WhiteElo "2026"]
[BlackElo "1958"]
[PlyCount "36"]
[EventDate "2025.04.12"]
[EventCountry "NOR"]
[SourceTitle "playchess.com"]
[Source "ChessBase"]
[SourceQuality "1"]
[TimeControl "40/6000+30:2400+30"]

1. e4 c5 2. Nf3 d6 3. d4 cxd4 4. Nxd4 Nf6 5. Nc3 a6 6. Rg1 b5 7. a4 b4 8. Nd5 e6 9. Nxf6+ Qxf6 10. Be3 Bb7 11. f3 Nd7 12. Qd2 Nc5 13. O-O-O Rc8 14. Kb1 d5 15. b3 dxe4 16. Nc6 Bxc6 17. Bg5 e3 18. Qxe3 Qc3 0-1

[Event "Fagernes Chess GM-Swiss 2025"]
[Site "Fagernes"]
[Date "2025.04.19"]
[Round "8.31"]
[White "Stromhaug, Kristoffer Wang"]
[Black "Kittilsen, Sigurd"]
[Result "1-0"]
[Annotator "NA RC"]
[ECO "B34"]
[WhiteElo "2020"]
[BlackElo "2010"]
[PlyCount "103"]
[EventDate "2025.04.12"]
[EventCountry "NOR"]
[SourceTitle "playchess.com"]
[Source "ChessBase"]
[SourceQuality "1"]
[TimeControl "40/6000+30:2400+30"]

1. e4 c5 2. Nf3 Nc6 3. d4 cxd4 4. Nxd4 Nf6 5. Nc3 g6 6. Nxc6 dxc6 7. Qxd8+ Kxd8 8. Be3 Ng4 9. Rd1+ Ke8 10. Nb5 Bd7 11. Nc7+ Kd8 12. Nxa8 Nxe3 13. fxe3 Bg7 14. c3 Kc8 15. Bc4 Bg4 16. Rd2 Kb8 17. h3 Bc8 18. Ke2 Kxa8 19. Rhd1 Kb8 20. Rd8 Kc7 21. Rxh8 Bxh8 22. Bxf7 Be5 23. Bg8 h6 24. Bf7 g5 25. Kf3 a5 26. Bg6 Bd7 27. Bf5 e6 28. Bg6 Kd8 29. Kg4 Ke7 30. Kh5 b5 31. Kxh6 b4 32. cxb4 axb4 33. b3 c5 34. Rc1 Bc3 35. Rxc3 bxc3 36. e5 Bc6 37. g3 Bg2 38. Bc2 Bxh3 39. Kxg5 Kd7 40. e4 c4 41. bxc4 Bf1 42. Kf4 Bxc4 43. a3 Kc6 44. Ke3 Kc5 45. g4 Bb5 46. g5 Kc4 47. Bd3+ Kb3 48. Bxb5 c2 49. Ba4+ Kxa4 50. Kd2 Kxa3 51. Kxc2 Kb4 52. Kd3 1-0

[Event "Fagernes Chess GM-Swiss 2025"]
[Site "Fagernes"]
[Date "2025.04.19"]
[Round "8.32"]
[White "Den Roover, Nikolay Jorgensen"]
[Black "Wernberg, Nikolai Olsen"]
[Result "0-1"]
[Annotator "NA RC"]
[ECO "A13"]
[WhiteElo "2004"]
[BlackElo "1893"]
[PlyCount "116"]
[EventDate "2025.04.12"]
[EventCountry "NOR"]
[SourceTitle "playchess.com"]
[Source "ChessBase"]
[SourceQuality "1"]
[TimeControl "40/6000+30:2400+30"]

1. Nf3 Nf6 2. c4 e6 3. g3 d5 4. Bg2 d4 5. d3 Nc6 6. O-O Bc5 7. Na3 e5 8. Nc2 a5 9. b3 O-O 10. a3 Re8 11. e4 dxe3 12. Bxe3 Bxe3 13. fxe3 Bf5 14. e4 Bg4 15. Ne3 Bxf3 16. Rxf3 Nd4 17. Rf1 c6 18. Kh1 Ne6 19. Ra2 Nc5 20. Rd2 a4 21. b4 Nb3 22. Rdf2 Nd4 23. h4 c5 24. bxc5 Re6 25. Nd5 Nb3 26. Bh3 Rc6 27. Nxf6+ gxf6 28. Bf5 Nxc5 29. Qh5 Kf8 30. Qxh7 Nxd3 31. Rd2 Rxc4 32. Kh2 Ke7 33. Bg6 Qg8 34. Qxg8 Rxg8 35. Bxf7 Kxf7 36. Rxd3 Rxe4 37. Rd7+ Ke6 38. Rxb7 Re2+ 39. Kh3 Re3 40. Rb6+ Kd5 41. Rg1 f5 42. h5 f4 43. Rg6 Rxg6 44. hxg6 Ke6 45. g7 Kf7 46. Kh4 Rxg3 47. Rxg3 fxg3 48. g8=Q+ Kxg8 49. Kxg3 Kf7 50. Kf3 Ke6 51. Ke3 Kd5 52. Kd3 e4+ 53. Ke3 Ke5 54. Ke2 Kd4 55. Kd2 e3+ 56. Ke2 Ke4 57. Ke1 Kd3 58. Kd1 Kc3 0-1

[Event "Fagernes Chess GM-Swiss 2025"]
[Site "Fagernes"]
[Date "2025.04.19"]
[Round "8.33"]
[White "Gasland, Lukas Dominik"]
[Black "Strand, Amund Pihl"]
[Result "1-0"]
[Annotator "NA RC"]
[ECO "D36"]
[WhiteElo "1994"]
[BlackElo "1914"]
[PlyCount "81"]
[EventDate "2025.04.12"]
[EventCountry "NOR"]
[SourceTitle "playchess.com"]
[Source "ChessBase"]
[SourceQuality "1"]
[TimeControl "40/6000+30:2400+30"]

1. d4 d5 2. c4 Nf6 3. Nc3 e6 4. Bg5 Be7 5. cxd5 exd5 6. e3 c6 7. Bd3 O-O 8. Qc2 Nbd7 9. Nge2 Re8 10. O-O Nf8 11. f3 Nh5 12. Bxe7 Qxe7 13. e4 Be6 14. Rae1 Rad8 15. e5 g6 16. f4 Ng7 17. Ng3 f5 18. Na4 Bc8 19. Ne2 Nge6 20. Rc1 Nd7 21. Nac3 Nb6 22. Qb3 Kh8 23. a4 Rg8 24. a5 Nc4 25. Bxc4 dxc4 26. Qxc4 g5 27. d5 Nxf4 28. Nxf4 gxf4 29. Qxf4 cxd5 30. Qd4 Be6 31. Ne2 Rg4 32. Nf4 a6 33. Qb6 Bg8 34. Rc7 Qxe5 35. Rxb7 Re8 36. Qxa6 d4 37. Rd7 Bc4 38. Qxc4 Rxf4 39. Rxf4 Qxf4 40. Qxd4+ Qxd4+ 41. Rxd4 1-0

[Event "Fagernes Chess GM-Swiss 2025"]
[Site "Fagernes"]
[Date "2025.04.20"]
[Round "9.1"]
[White "Urkedal, Frode Olav Olsen"]
[Black "Kantor, Gergely"]
[Result "1/2-1/2"]
[Annotator "ChessBase"]
[ECO "E36"]
[WhiteElo "2550"]
[BlackElo "2578"]
[PlyCount "129"]
[EventDate "2025.04.12"]
[EventCountry "NOR"]
[SourceTitle "playchess.com"]
[Source "ChessBase"]
[SourceQuality "1"]
[TimeControl "40/6000+30:2400+30"]

1. d4 Nf6 2. c4 e6 3. Nc3 Bb4 4. Nf3 O-O 5. Qc2 d5 6. a3 Bxc3+ 7. Qxc3 dxc4 8. Qxc4 b6 9. h4 Bb7 10. Bf4 c5 11. dxc5 Bd5 12. Qc2 bxc5 13. Nd2 Nc6 14. e3 Qa5 15. Bd6 Rfd8 16. Qxc5 Rxd6 17. Qxd6 Qxd2+ 18. Kxd2 Ne4+ 19. Ke1 Nxd6 20. b4 Ne5 21. Rc1 Nec4 22. Bxc4 Bxc4 23. e4 e5 24. Rh3 Kf8 25. Rhc3 Rc8 26. a4 Ke7 27. b5 Kd7 28. Rd1 Ke7 29. Rdc1 Kd7 30. Rd1 Ke6 31. Rdc1 g6 32. f3 f5 33. a5 Rc5 34. b6 axb6 35. axb6 Kd7 36. exf5 gxf5 37. b7 Kc7 38. g4 fxg4 39. fxg4 Kxb7 40. g5 Kc6 41. h5 e4 42. g6 Rxh5 43. Rxc4+ Nxc4 44. Rxc4+ Kd5 45. g7 Rg5 46. Rc7 h5 47. Ra7 Kd4 48. Kf2 Rg6 49. Ra4+ Ke5 50. Ra7 h4 51. Re7+ Kf4 52. Rf7+ Kg4 53. Re7 Kf4 54. Rf7+ Kg5 55. Re7 Kf5 56. Rf7+ Ke5 57. Re7+ Kd5 58. Ke3 Rg4 59. g8=Q+ Rxg8 60. Rxe4 Rh8 61. Kf3 h3 62. Re1 h2 63. Kg2 h1=N 64. Rxh1 Rxh1 65. Kxh1 1/2-1/2

[Event "Fagernes Chess GM-Swiss 2025"]
[Site "Fagernes"]
[Date "2025.04.20"]
[Round "9.2"]
[White "Kreken, Eivind Grunt"]
[Black "Jumabayev, Rinat"]
[Result "1-0"]
[Annotator "RC"]
[ECO "B41"]
[WhiteElo "2326"]
[BlackElo "2549"]
[PlyCount "143"]
[EventDate "2025.04.12"]
[EventCountry "NOR"]
[SourceTitle "playchess.com"]
[Source "ChessBase"]
[SourceQuality "1"]
[TimeControl "40/6000+30:2400+30"]

1. e4 c5 2. Nf3 e6 3. d4 cxd4 4. Nxd4 a6 5. c4 Nf6 6. Nc3 Qc7 7. a3 b6 8. Be3 Bb7 9. f3 Be7 10. Rc1 O-O 11. Be2 d6 12. Kd2 Nbd7 13. Kc2 d5 14. cxd5 exd5 15. Nf5 Bc5 16. Qd2 dxe4 17. Bf4 Qc6 18. b4 Qe6 19. Nd6 Bxd6 20. Qxd6 Qxd6 21. Bxd6 Rfe8 22. Rhe1 b5 23. a4 Re6 24. Bg3 bxa4 25. Nxa4 Nd5 26. Kb3 Ne3 27. fxe4 Bxe4 28. Bf3 Bxf3 29. gxf3 h5 30. Nc5 Nxc5+ 31. bxc5 Rc8 32. c6 g5 33. Rc5 Kh7 34. Bf2 Rcxc6 35. Rxc6 Rxc6 36. Rxe3 Kg6 37. Rd3 h4 38. Be3 Rf6 39. Bd2 Rf5 40. Kc2 f6 41. Kd1 Kf7 42. Ke2 Re5+ 43. Kf2 Re6 44. h3 Rb6 45. f4 gxf4 46. Kf3 Kg6 47. Kxf4 Re6 48. Rd4 f5 49. Be3 a5 50. Ra4 Ra6 51. Bf2 Ra8 52. Bxh4 Rb8 53. Bf2 Rb5 54. Kf3 Rb3+ 55. Be3 Rb5 56. Rc4 Rb4 57. Rxb4 axb4 58. Ke2 Kh5 59. Bf2 Kg5 60. Kd3 Kf4 61. h4 b3 62. Kc3 Kf3 63. h5 Kxf2 64. h6 b2 65. Kxb2 f4 66. h7 f3 67. h8=Q Kg2 68. Qg7+ Kh2 69. Qf6 Kg2 70. Qg5+ Kh1 71. Qh5+ Kg2 72. Qg4+ 1-0